AoeStats
← Comend x comend

Lombardia

509808641Analyzed
3v3 RM · 3d ago on Sep 28, 2026· 76m 57s· 6 players
Game mode
Random Map
Map size
Normal (6 player)
Population
200
Speed
Normal
Resources
Standard
Victory
Conquest
Starting age
Dark Age
Ending age
Imperial Age
RankedLock teamsTeams togetherTeam positionsShared explorationLock speedFull tech treeHidden civsTurbo modeCheats
Victory
Defeat
🇵🇪 Goths · Peru
1384
+6
🇬🇧 Malay · United Kingdom
1297
+9
🇨🇳 Saracens · China
1226
+12
🇨🇱 Persians · Chile
1172
-10
🇵🇪 Inca · Peru
1127
-9
🇹🇼 Japanese · Taiwan
1112
-8
God Of The Sea People
6:37 Loom
14:01 Feudal Age
13:45 Double-Bit Axe
13:41 Horse Collar
14:41 Wheelbarrow
23:34 Castle Age
23:29 Bow Saw
23:22 Heavy Plow
23:16 Gold Mining
25:57 Husbandry
26:45 Gold Shaft Mining
39:20 Scale Barding Armor
41:25 Forging
44:17 Iron Casting
46:05 Fletching
50:23 Hand Cart
57:53 Imperial Age
57:47 Hand Cart
58:07 Crop Rotation
58:03 Onager
58:07 Heavy Scorpion
59:55 Chemistry
59:44 Ballistics
61:12 Bodkin Arrow
68:46 Forced Levy
69:06 Conscription
68:09 Man-at-Arms
68:50 Squires
68:36 Arson
69:53 Caravan
69:34 Long Swordsman
70:39 Elite Battle Elephant
72:24 Blast Furnace
70:51 Two-Handed Swordsman
73:16 Bracer
74:12 Siege Engineers
Comend x comend
9:35 Loom
11:23 Feudal Age
15:58 Castle Age
14:09 Double-Bit Axe
14:19 Horse Collar
17:09 Bow Saw
19:43 Wheelbarrow
21:39 Man-at-Arms
22:15 Long Swordsman
24:41 Hand Cart
26:19 Gold Mining
29:42 Town Watch
34:04 Imperial Age
31:50 Squires
32:11 Heavy Plow
31:51 Pikeman
34:07 Forging
33:57 Scale Mail Armor
34:09 Two-Handed Swordsman
34:10 Halberdier
34:42 Two-Handed Swordsman
35:40 Perfusion
36:35 Champion
39:06 Caravan
41:00 Chain Mail Armor
41:21 Iron Casting
41:49 Stone Mining
44:35 Two-Man Saw
44:34 Crop Rotation
45:07 Blast Furnace
52:58 Chemistry
58:47 Conscription
wuyu
3:49 Loom
12:07 Feudal Age
19:31 Castle Age
19:52 Double-Bit Axe
19:49 Horse Collar
20:54 Wheelbarrow
22:26 Bow Saw
25:31 Stone Mining
30:00 Heavy Plow
35:33 Husbandry
38:05 Bloodlines
38:08 Forging
38:30 Gold Mining
38:48 Scale Barding Armor
39:49 Gold Shaft Mining
40:53 Hand Cart
40:59 Chain Barding Armor
41:15 Iron Casting
40:59 Bimaristan
41:24 Town Watch
45:11 Imperial Age
47:38 Conscription
46:39 Elite Mameluke
48:21 Blast Furnace
47:57 Plate Barding Armor
48:05 Caravan
50:39 Town Patrol
60:33 Light Cavalry
62:18 Hussar
73:10 Fletching
73:21 Padded Archer Armor
73:24 Crossbowman
74:10 Thumb Ring
74:27 Arbalester
75:03 Bodkin Arrow
75:24 Leather Archer Armor
77:06 Ballistics
77:47 Chemistry
77:11 Ballistics
Kuro
0:34 Loom
12:34 Feudal Age
13:33 Man-at-Arms
16:07 Scale Mail Armor
16:18 Forging
16:24 Horse Collar
23:06 Double-Bit Axe
25:32 Wheelbarrow
24:58 Gold Mining
30:51 Castle Age
34:04 Bow Saw
33:26 Long Swordsman
34:25 Chain Mail Armor
34:46 Iron Casting
35:14 Heavy Plow
37:36 Town Watch
40:14 Fortified Wall
43:42 Imperial Age
44:54 Plate Mail Armor
45:25 Blast Furnace
44:49 Conscription
44:25 Elite Samurai
57:23 Thumb Ring
58:39 Elite Skirmisher
59:59 Fletching
60:29 Padded Archer Armor
62:27 Chemistry
61:47 Leather Archer Armor
62:16 Bodkin Arrow
62:49 Pikeman
63:41 Halberdier
65:21 Bracer
66:00 Ring Archer Armor
Héc'Arak
7:45 Loom
9:31 Feudal Age
11:21 Horse Collar
11:28 Double-Bit Axe
13:02 Wheelbarrow
17:01 Castle Age
15:34 Champi Runner
16:00 Arson
17:20 Forging
17:38 Scale Mail Armor
19:10 Squires
19:26 Champi Warrior
20:33 Chain Mail Armor
22:26 Iron Casting
31:31 Hand Cart
31:02 Town Watch
31:36 Heavy Plow
31:49 Bow Saw
32:30 Fletching
32:45 Gold Mining
32:48 Stone Mining
34:53 Town Patrol
35:31 Gold Shaft Mining
37:23 Stone Shaft Mining
38:20 Bodkin Arrow
46:56 Imperial Age
49:40 Blast Furnace
49:10 Plate Mail Armor
50:26 Conscription
51:22 Elite Kamayuk
54:12 Masonry
53:43 Treadmill Crane
55:23 Crop Rotation
58:05 Fabric Shields
shiki232
5:12 Loom
10:27 Feudal Age
11:00 Double-Bit Axe
10:56 Horse Collar
15:02 Forging
14:57 Scale Barding Armor
22:03 Castle Age
20:11 Gold Mining
22:10 Bloodlines
22:36 Husbandry
25:21 Wheelbarrow
24:48 Town Watch
25:13 Heavy Plow
25:25 Bow Saw
27:21 Gold Shaft Mining
30:16 Hand Cart
39:35 Imperial Age
38:47 Chain Barding Armor
40:19 Conscription
39:34 Cavalier
40:43 Citadels
41:15 Plate Barding Armor
41:16 Iron Casting
41:48 Guilds
41:03 Savar
46:21 Blast Furnace
51:31 Kamandaran
52:03 Crossbowman
73:07 Thumb Ring
75:54 Light Cavalry
Connection lost

Rejoining the realm…

Still unreachable

The connection could not be restored.

Session expired

The server has moved on; the page needs a fresh start.